AoeStats
← md

Arena

510344109Analyzed
4v4 RM · 18h ago on Sep 30, 2026· 28m 6s· 8 players
Game mode
Random Map
Map size
Large (8 player)
Population
200
Speed
Normal
Resources
Standard
Victory
Conquest
Starting age
Dark Age
Ending age
Imperial Age
RankedLock teamsTeams togetherTeam positionsShared explorationLock speedFull tech treeHidden civsTurbo modeCheats
Victory
Defeat
🇨🇳 Malians · China
1130
+11
🇨🇳 Dravidians · China
1117
+11
🇨🇳 Varangians · China
1108
+12
🇨🇳 Spanish · China
1082
+13
🇮🇳 Turks · India
1063
-14
🇫🇷 Cumans · France
1004
-11
🇹🇷 Teutons · Türkiye
997
-11
🇺🇸 Celts · United States
991
-11
...
11:00 Feudal Age
12:05 Double-Bit Axe
12:02 Horse Collar
15:29 Loom
18:28 Castle Age
17:35 Gold Mining
18:33 Stone Mining
19:56 Wheelbarrow
20:00 Gold Shaft Mining
19:36 Heavy Plow
19:50 Bow Saw
20:48 Stone Shaft Mining
md
11:44 Feudal Age
15:28 Castle Age
13:20 Double-Bit Axe
13:40 Horse Collar
21:30 Wheelbarrow
23:55 Bow Saw
24:19 Hand Cart
25:39 Stone Mining
25:40 Gold Mining
25:37 Town Watch
26:44 Fortified Wall
26:57 Ballistics
WyZeR
0:27 Loom
13:04 Feudal Age
18:50 Castle Age
19:11 Fletching
18:54 Capped Ram
23:05 Gold Mining
Alex
11:20 Feudal Age
12:08 Horse Collar
12:38 Double-Bit Axe
12:52 Loom
17:02 Bloodlines
19:57 Castle Age
23:01 Wheelbarrow
25:22 Imperial Age
咬不断的痰
11:23 Feudal Age
10:18 Loom
15:29 Castle Age
16:22 Double-Bit Axe
16:23 Horse Collar
17:38 Wheelbarrow
21:46 Stone Mining
23:28 Hand Cart
24:43 Gold Mining
26:20 Heavy Plow
27:53 Stone Shaft Mining
98kar
10:09 Feudal Age
11:04 Double-Bit Axe
13:51 Castle Age
11:56 Horse Collar
12:40 Double-Bit Axe
14:20 Loom
20:11 Scale Mail Armor
23:50 Bow Saw
24:32 Wheelbarrow
25:10 Forging
28:31 Iron Casting
28:50 Chain Mail Armor
Dio
10:14 Feudal Age
14:14 Castle Age
13:09 Double-Bit Axe
15:12 Horse Collar
19:53 Wheelbarrow
20:36 Bow Saw
21:05 Heavy Plow
22:24 Gold Mining
22:26 Stone Mining
25:18 Hand Cart
28:08 Imperial Age
28:32 Thumb Ring
28:24 Loom
28:33 Fletching
夏威
10:11 Feudal Age
9:36 Loom
14:24 Castle Age
12:29 Double-Bit Axe
14:11 Stone Mining
26:10 Padded Archer Armor
26:15 Scale Barding Armor
26:30 Bow Saw
27:45 Leather Archer Armor
27:35 Horse Collar
28:38 Bloodlines
Connection lost

Rejoining the realm…

Still unreachable

The connection could not be restored.

Session expired

The server has moved on; the page needs a fresh start.